 Dungeon Crawl Stone Soup version 0.30-b1-2-g02819fbbbe (webtiles) character file.

Game seed: 10427191091491351274

199828 LLlMATKO the Spry (level 17, 0/166 HPs)
             Began as a Minotaur Berserker on Nov 9, 2023.
             Was the Champion of Trog.
             Constricted to death by a shambling mangrove (20 damage)
             ... on level 4 of the Swamp on Nov 10, 2023.
             The game lasted 00:39:48 (30218 turns).

LLlMATKO the Spry (Minotaur Berserker)             Turns: 30218, Time: 00:39:49

Health: 0/166      AC:  8    Str: 29    XL:     17   Next: 86%
Magic:  0/16       EV: 15    Int: 10    God:    Trog [******]
Gold:   3467       SH: 16    Dex: 17    Spells: 16/16 levels left

rFire   + . .        U - +4 war axe of Peril {heavy, rC- Dex+6}
rCold   x . .        p - +0 tower shield
rNeg    . . .        x - +7 chain mail of the Lily {-Tele rPois SInv}
rPois   +            (helmet restricted)
rElec   .            b - +0 cloak
rCorr   .            Z - +1 pair of gloves {Stlth+}
SInv    +            n - +0 pair of boots
Will    +....        I - amulet of guardian spirit Stlth
                     V - ring of the Painted God {rF+ Int+6 Slay+3}
HPRegen 0.47/turn    C - ring of flight
MPRegen 0.15/turn

%: no teleportation, guardian spirit
@: grasped by roots, corroded, flying, constricted
A: horns 2, retaliatory headbutt
}: 1/15 runes: decaying
a: Renounce Religion, Berserk, Trog's Hand, Brothers in Arms


You were on level 4 of the Swamp.
You worshipped Trog.
Trog was exalted by your worship.
You visited 4 branches of the dungeon, and saw 26 of its levels.
You also visited: Ossuary, Bailey, Ice Cave and Volcano.

You collected 4089 gold pieces.
You spent 622 gold pieces at shops.

Inventory:

Hand Weapons
 w - a +0 heavy battleaxe
 J - the +4 battleaxe of Freehold {flame, rElec rN+ Str+3}
   (Trog gifted it to you on level 9 of the Dungeon)

   Str:       It affects your strength (+3).
   rElec:     It insulates you from electricity.
   rN:        It protects you from negative energy.
 U - the +4 war axe of Peril (weapon) {heavy, rC- Dex+6}
   (You bought it in a shop on level 2 of the Orcish Mines)

   Dex:       It affects your dexterity (+6).
   rC:        It makes you vulnerable to cold.
 Y - a +0 vampiric broad axe
Armour
 b - a +0 cloak (worn)
 n - a +0 pair of boots (worn)
 p - a +0 tower shield (worn)
 x - the +7 chain mail of the Lily (worn) {-Tele rPois SInv}
   (You found it on level 4 of the Dungeon)

   rPois:     It protects you from poison.
   SInv:      It lets you see invisible.
   -Tele:     It prevents most forms of teleportation.
 Q - a +1 plate armour of fire resistance
 Z - a +1 pair of gloves of stealth (worn)
Jewellery
 f - a +4 ring of slaying
 h - a ring of ice
 o - the ring "Plog" {Fly rC+}
   (You took it off an ogre mage on level 14 of the Dungeon)

   [ring of protection from cold]

   rC:        It protects you from cold.
   Fly:       It grants you flight.
 s - a ring of ice
 v - a +5 ring of evasion
 y - a ring of protection from fire
 A - a +4 ring of protection
 C - a ring of flight (right hand)
 F - a ring of resist corrosion
 I - an amulet of guardian spirit (around neck)
 K - a ring of poison resistance
 V - the ring of the Painted God (left hand) {rF+ Int+6 Slay+3}
   (You found it on level 5 of the Lair of Beasts)

   [ring of intelligence]

   Int:       It affects your intelligence (+6).
   Slay:      It affects your accuracy & damage with ranged weapons and melee
   (+3).
   rF:        It protects you from fire.
 W - the ring of Ahirair {Ice Dex+2}
   (You found it on level 14 of the Dungeon)

   [ring of ice]

   It enhances your ice magic.
   Dex:       It affects your dexterity (+2).
   rF:        It makes you vulnerable to fire.
   rC:        It protects you from cold.
 X - a ring of willpower
Wands
 z - a wand of charming (7)
 D - a wand of mindburst (16)
 G - a wand of flame (20)
 O - a wand of digging (13)
 R - a wand of acid (10)
 S - a wand of polymorph (10)
Scrolls
 c - 5 scrolls of immolation
 e - 12 scrolls of teleportation
 g - 6 scrolls of identify
 i - 6 scrolls of fog
 k - 9 scrolls of enchant weapon
 m - 8 scrolls of blinking
 q - 5 scrolls of fear
 r - 5 scrolls of vulnerability
 L - 2 scrolls of silence
 M - 8 scrolls of enchant armour
 T - a scroll of magic mapping
Potions
 a - a potion of might
 d - 21 potions of curing
 j - 6 potions of heal wounds
 l - 8 potions of ambrosia
 t - a potion of resistance {unknown}
 u - 7 potions of flight
 B - a potion of magic
 E - 7 potions of haste
 N - a potion of invisibility
 P - a potion of cancellation {unknown}


   Skills:
 + Level 18.8 Fighting
 + Level 18.9 Axes
 + Level 18.7 Armour
 + Level 19.2 Dodging
 + Level 7.7 Shields


You had 16 spell levels left.
You didn't know any spells.
Your spell library was empty.

Dungeon Overview and Level Annotations

Branches:
Dungeon (15/15)            Temple (0/1) D:6            Lair (5/5) D:9
  Swamp (4/4) Lair:3       Spider (0/4) Lair:2        Slime (0/5) Lair:5
    Orc (2/2) D:11            Elf (0/3) Orc:2        Vaults (0/5) D:14
 Depths (0/4) D:15        Ossuary (visited)          Bailey (visited)
  IceCv (visited)         Volcano (visited)

Altars:
Ashenzari
Cheibriados
Fedhas
Gozag
Hepliaklqana
Nemelex Xobeh
Okawaru
Ru
Sif Muna
Uskayaw
Vehumet
Wu Jian
Xom
Yredelemnul
Zin

Shops:
D:1 (   D:8 (   D:11 [   D:12 [   Orc:2 (:(!

Annotations:
D:10 1 runed translucent door, exclusion: ice statue
Lair:2 3 runed translucent doors, KuroJack's ghost, journeyman GnFE
Lair:5 1 runed translucent door
Swamp:4 exclusion: 2 oklob plants


Innate Abilities, Weirdness & Mutations

You have a pair of horns on your head.
You reflexively headbutt those who attack you in melee.


Message History

Unknown command.
Found a book of Lightning.
A shambling mangrove comes into view.
The oklob plant spits acid at you. The splash of acid hits you.
The acid corrodes you! The oklob plant spits acid at you.
The splash of acid hits you! The acid corrodes you!
The oklob plant spits acid at you. The splash of acid hits you!!
Roots burst forth from the earth!
The grasping roots grab you! The grasping roots constrict you.
There is a blossoming altar of Fedhas here.
You chop the oklob plant into pieces!!!
The oklob plant is severely damaged.
You hit the shambling mangrove but do no damage.
The shambling mangrove closely misses you.
The grasping roots constrict you! The oklob plant spits acid at you.
The splash of acid hits you! The acid corrodes you!
The oklob plant spits acid at you. The splash of acid hits you!
The acid corrodes you!
You slice the oklob plant like a ripe choko!!!
You destroy the oklob plant!
Trog accepts your kill.
You slash the shambling mangrove!
The shambling mangrove barely misses you.
The grasping roots constrict you! The oklob plant spits acid at you.
The splash of acid hits you!!
* * * LOW HITPOINT WARNING * * *
The acid corrodes you!
You escape the roots grasp.
The oklob plant spits acid at you. The splash of acid hits you!!
* * * LOW HITPOINT WARNING * * *
Roots burst forth from the earth!
The grasping roots grab you! The grasping roots constrict you!!
You die...

~~♣ ♣♣.~~~[~##♣♣~~..~.~##♣
~.♣♣♣♣♣♣.§~~).###♣~~.~~..~~~♣
♣..~..~..~§~[## ♣~.~...~....#
.~~~~~~..~~.## ♣..~~~#.~~~.#
~~~[~~~...~#####♣.~♣##~####.####
~~§§~~~...####~...~♣#### #~...#
~~~~§~...####..♣.~.~# #####...♣#
§~~§~~~.~###....~..~## #.♣~...##|
~~~.~§~..##~.~..@.♣~~# ##...8~...
~~~.~~~~.##~...._~~.♣# #.♣.~†.♣.
.~~~♣..~~##..P...f.P.# #.~.._.~.
~..♣♣♣~..##...P......# #~.8.†8.#
.~...[♣♣.####......### ####...##
~~~.~♣♣♣♣#######:### #..~...
~~~[♣~.♣♣~~# ### ###### ##.####
~~~(.~...~♣♣♣#######.♣~~## ### ##
~~~(~~......~~.##.~~....~#######.


You could see a shambling mangrove and 2 oklob plants.

Vanquished Creatures
  Bai Suzhen (Swamp:4)
  Kirke (Swamp:2)
  2 thorn hunters (Swamp:4)
  Roxanne (Swamp:3)
  A hydra zombie (Swamp:4)
  An orc warlord (Orc:1)
  Nessos (D:12)
  2 vampire knights (Swamp:4)
  A red draconian (Volcano)
  3 bunyips
  A minotaur (Lair:3)
  2 fire dragons (D:15)
  2 shambling mangroves
  The ghost of othur the Basher, a journeyman GrFi of Qazlal (Lair:3)
  7 hydras
  6 centaur warriors
  Erolcha (D:11)
  2 ogre magi
  2 spriggan air magi (Swamp:4)
  3 catoblepae
  A boulder beetle (D:14)
  8 alligators
  5 two-headed ogres
  The ghost of Brarox the Prestidigitator, a journeyman DECj of Vehumet (Orc:1)
  4 orc high priests (Orc:2)
  Urug (Orc:2)
  5 tengu warriors
  Sonja (Orc:1)
  A deep elf knight (Orc:1)
  A spriggan berserker (Swamp:4)
  Nergalle (D:11)
  11 skeletal warriors
  A pharaoh ant (Lair:2)
  A skyshark (Lair:5)
  A salamander mystic (Volcano)
  5 spriggan druids
  2 goliath frogs (Swamp:3)
  3 bog bodies
  A lindwurm (Lair:5)
  A deep elf archer (Orc:1)
  10 swamp dragons
  3 spectral hydras (Swamp:4)
  13 orc knights
  A phantasmal warrior (Swamp:4)
  3 deep elf pyromancers
  15 ugly things
  3 oklob plants
  4 will-o-the-wisps
  5 salamanders (Volcano)
  5 cyclopes
  2 manticores
  A wolf spider (D:15)
  An orc sorcerer (Orc:2)
  A molten gargoyle (Volcano)
  2 ice statues (IceCv)
  6 black mambas
  A gargoyle (D:11)
  An unseen horror (D:10)
  A freezing wraith (Swamp:4)
  5 rime drakes
  8 cane toads
  15 komodo dragons
  A tengu conjurer (D:13)
  A queen bee (Lair:1)
  3 meliai (D:15)
  2 hydra skeletons (Swamp:4)
  5 polar bears
  2 tarantellas (Lair:2)
  18 hornets
  A death drake zombie (Swamp:4)
  3 trolls
  6 tyrant leeches
  12 dream sheep (Lair:5)
  8 blink frogs
  2 death drake skeletons (Swamp:4)
  23 slime creatures
  A jumping spider (Lair:2)
  A wraith (D:9)
  A water elemental (D:13)
  5 fire bats (Volcano)
  20 spriggans
  3 wyverns
  3 hogs (Swamp:2)
  3 vampires
  A yak (shapeshifter) (D:14)
  5 basilisks
  2 death yak simulacra (IceCv)
  3 redbacks (D:10)
  46 yaks
  19 vampire mosquitoes
  2 wargs
  18 swamp worms
  14 two-headed ogre zombies (Orc:1)
  3 hydra simulacra (Swamp:4)
  16 water moccasins
  44 orc warriors
  6 swamp drakes (Swamp:4)
  A sky beast (D:6)
  6 black bears
  4 swamp dragon zombies (Swamp:4)
  10 ogres
  7 boggarts
  8 centaurs
  27 wolves
  A swamp dragon skeleton (Swamp:4)
  3 phantoms
  5 kobold brigands
  11 bullfrogs
  4 scorpions
  2 gnoll sergeants
  6 wights
  45 killer bees
  2 howler monkeys
  5 electric eels
  8 lava snakes
  2 jellies
  6 hounds
  3 gnoll boudas
  30 orc priests
  5 iguanas
  13 hell rats
  18 orc wizards
  A polar bear simulacrum (IceCv)
  8 mummies (Ossuary)
  27 gnolls
  14 adders
  2 shadow imps (D:6)
  4 white imps
  5 dart slugs
  120 orcs
  9 endoplasms
  3 giant cockroaches
  A gnoll zombie (Ossuary)
  3 goblins
  9 hobgoblins
  4 jackals (D:4)
  4 quokkas
  8 ball pythons
  8 bats
  5 frilled lizards
  A hobgoblin zombie (Ossuary)
  15 kobolds
  5 kobold zombies (Ossuary)
  An orc zombie (Ossuary)
  2 rats
  5 bushes
1001 creatures vanquished.

Vanquished Creatures (collateral kills)
  2 orc high priests (Orc:2)
  A deep elf archer (Orc:1)
  An orc knight (Orc:2)
  3 wolf spiders (D:10)
  A torpor snail (Lair:3)
  2 redbacks (D:10)
  An orc warrior (Orc:2)
  2 killer bees (D:10)
  An orc priest (Orc:2)
  A polar bear simulacrum (IceCv)
15 creatures vanquished.

Vanquished Creatures (others)
  A bloated husk (Swamp:3)
  2 briar patches (Swamp:4)
  26 foxfires
  19 fungi
  51 plants
99 creatures vanquished.

Grand Total: 1115 creatures vanquished

Notes
Turn   | Place    | Note
-------+----------+-------------------------------------------
     0 | D:1      | LLlMATKO the Minotaur Berserker began the quest for the
                  | Orb.
     0 | D:1      | Reached XP level 1. HP: 19/19 MP: 0/0
    79 | D:1      | Reached XP level 2. HP: 27/27 MP: 1/1
   319 | D:1      | Found Ahijo's Antique Weapon Emporium.
   330 | D:1      | Reached XP level 3. HP: 33/33 MP: 2/2
   472 | D:1      | Reached ** piety under Trog
   795 | D:2      | Found an ornate altar of the Wu Jian Council.
   877 | D:2      | Reached skill level 3 in Dodging
  1054 | D:2      | Reached XP level 4. HP: 40/40 MP: 3/3
  2371 | D:3      | Noticed a phantom
  2378 | D:3      | Killed a phantom
  2379 | D:3      | Reached XP level 5. HP: 41/47 MP: 4/4
  2818 | D:4      | Reached skill level 5 in Fighting
  2818 | D:4      | Reached skill level 5 in Axes
  2967 | D:4      | Noticed a phantom
  3052 | D:4      | Reached skill level 4 in Dodging
  3052 | D:4      | Reached XP level 6. HP: 53/56 MP: 5/5
  3071 | D:4      | Identified the +7 lajatang of the Radish {freeze, rPois
                  | rF+}
  3151 | D:4      | Identified the +7 chain mail of the Lily {-Tele rPois SInv}
  3254 | D:4      | Found a hazy altar of Hepliaklqana.
  3267 | D:4      | Identified the +0 chain mail of Demons {Str+4}
  3565 | D:5      | Entered Level 5 of the Dungeon
  3592 | D:5      | Reached skill level 5 in Armour
  3655 | D:5      | Reached *** piety under Trog
  3656 | D:5      | Reached XP level 7. HP: 62/62 MP: 6/6
  3778 | D:5      | Reached skill level 5 in Dodging
  4057 | D:5      | Reached XP level 8. HP: 65/71 MP: 7/7
  4500 | D:6      | Reached skill level 6 in Dodging
  4539 | D:6      | Reached **** piety under Trog
  4913 | D:6      | Found a staircase to the Ecumenical Temple.
  4955 | D:6      | Found a radiant altar of Vehumet.
  4955 | D:6      | Found a hide-covered altar of Uskayaw.
  4963 | D:6      | Found a shimmering altar of Xom.
  4965 | D:6      | Found a glowing silver altar of Zin.
  4967 | D:6      | Found a sacrificial altar of Ru.
  5051 | D:7      | Reached XP level 9. HP: 81/81 MP: 8/8
  5150 | D:7      | Found a sand-covered staircase.
  5154 | Ossuary  | Entered an ossuary
  5217 | Ossuary  | Reached skill level 7 in Dodging
  5501 | D:7      | Found a broken altar of Ashenzari.
  5630 | D:7      | Found a snail-covered altar of Cheibriados.
  5983 | D:8      | Reached ***** piety under Trog
  6427 | D:8      | Received a gift from Trog
  6511 | D:8      | Found a sparkling altar of Nemelex Xobeh.
  6551 | D:8      | Found an opulent altar of Gozag.
  6823 | D:8      | Noticed a +0 triple sword
  6825 | D:8      | Found Daiweff's Weapon Shoppe.
  6827 | D:8      | Noticed a +0 giant club
  6938 | D:9      | Reached skill level 8 in Dodging
  6944 | D:9      | Reached XP level 10. HP: 57/91 MP: 9/9
  6960 | D:9      | Found a flagged portal.
  6967 | D:9      | Identified the +8 spear "Dewit" {chaos, rElec rF+ Int+2
                  | Dex+2}
  6978 | Bailey   | Entered a bailey
  7488 | Bailey   | Noticed an orc knight
  7498 | Bailey   | Killed an orc knight
  7499 | Bailey   | Reached skill level 10 in Fighting
  7499 | Bailey   | Reached skill level 10 in Axes
  7632 | D:9      | Found a blossoming altar of Fedhas.
  7722 | D:9      | Identified the +1 war axe "Vayr Rucs" {chaos, +Blink rN+
                  | Int+4}
  7739 | D:9      | Reached skill level 9 in Dodging
  7800 | D:9      | Noticed a two-headed ogre
  7803 | D:9      | Killed a two-headed ogre
  7804 | D:9      | Reached skill level 10 in Armour
  7817 | D:9      | Found a staircase to the Lair.
  7888 | D:9      | Identified the +4 battleaxe of Freehold {flame, rElec rN+
                  | Str+3} (Trog gifted it to you on level 9 of the Dungeon)
  7888 | D:9      | Received a gift from Trog
  8341 | Lair:1   | Entered Level 1 of the Lair of Beasts
  8652 | Lair:1   | Noticed a catoblepas
  8658 | Lair:1   | Killed a catoblepas
  8659 | Lair:1   | Reached XP level 11. HP: 55/101 MP: 10/10
  8922 | Lair:1   | Reached skill level 10 in Dodging
 10039 | Lair:2   | Noticed a pharaoh ant
 10044 | Lair:2   | Killed a pharaoh ant
 10050 | Lair:2   | Found a hole to the Spider Nest.
 10130 | Lair:2   | Reached skill level 11 in Dodging
 10225 | Lair:2   | Reached XP level 12. HP: 102/112 MP: 8/11
 10466 | Lair:2   | Found a runed translucent gate.
 10466 | Lair:2   | Found a runed translucent gate.
 10466 | Lair:2   | Found a runed translucent gate.
 10469 | Lair:2   | Noticed KuroJack's ghost (journeyman GnFE)
 10905 | Lair:3   | Noticed othur's ghost (journeyman GrFi)
 10906 | Lair:3   | Noticed a minotaur
 10923 | Lair:3   | Found a runed translucent gate.
 10923 | Lair:3   | Found a runed translucent gate.
 10923 | Lair:3   | Found a runed translucent gate.
 10925 | Lair:3   | Noticed a five-headed hydra
 10926 | Lair:3   | Found a staircase to the Swamp.
 10932 | Lair:3   | Killed a two-headed hydra
 11590 | Lair:3   | Noticed a six-headed hydra
 11596 | Lair:3   | Killed a three-headed hydra
 11960 | Lair:3   | Killed othur's ghost
 11960 | Lair:3   | Killed a minotaur
 11961 | Lair:3   | Reached skill level 12 in Dodging
 12099 | Lair:4   | Found a dark tunnel.
 12108 | Volcano  | Entered a volcano
 12480 | Volcano  | Found a burning altar of Makhleb.
 12562 | Volcano  | Noticed a red draconian
 12564 | Volcano  | Reached XP level 13. HP: 100/123 MP: 12/12
 12576 | Volcano  | Killed a red draconian
 12841 | Lair:4   | Reached skill level 13 in Dodging
 13748 | Lair:5   | Entered Level 5 of the Lair of Beasts
 13935 | Lair:5   | Received a gift from Trog
 14044 | Lair:5   | Found a hazy altar of Hepliaklqana.
 14372 | Lair:5   | Reached skill level 14 in Dodging
 15129 | Lair:5   | Reached skill level 15 in Axes
 15139 | Lair:5   | Reached skill level 15 in Dodging
 15215 | Lair:5   | Reached skill level 15 in Fighting
 15234 | Lair:5   | Reached XP level 14. HP: 135/135 MP: 11/13
 15384 | Lair:5   | Identified the ring of the Painted God {rF+ Int+6 Slay+3}
 15494 | Lair:5   | Found a runed translucent door.
 15514 | Lair:5   | Found a staircase to the Slime Pits.
 15746 | Lair:5   | Found a runed translucent door.
 15749 | Lair:5   | Found a staircase to the Slime Pits.
 15807 | Lair:5   | Found a hazy altar of Hepliaklqana.
 16544 | D:10     | Entered Level 10 of the Dungeon
 16581 | D:10     | Reached skill level 15 in Armour
 16798 | D:10     | Found the +9 staff of Olgreb {rPois∞}
 16833 | D:10     | Found a runed translucent door.
 16838 | D:10     | Found a runed translucent gate.
 16838 | D:10     | Found a runed translucent gate.
 16839 | D:10     | Found a runed translucent door.
 16849 | D:10     | Found a runed translucent gate.
 17178 | D:10     | Found a shimmering blue altar of Sif Muna.
 17579 | D:11     | Noticed Nergalle
 17593 | D:11     | Killed Nergalle
 17708 | D:11     | Noticed Erolcha
 17720 | D:11     | Killed Erolcha
 17740 | D:11     | Reached skill level 16 in Dodging
 17805 | D:11     | Found a staircase to the Orcish Mines.
 17831 | D:11     | Found Ynalagasch's Armour Boutique.
 18505 | D:12     | Noticed Nessos
 18527 | D:12     | Killed Nessos
 18532 | D:12     | HP: 6/136 [poisoned by Nessos]
 19027 | D:12     | Received a gift from Trog
 19140 | D:12     | Found Ojoocaiq's Antique Armour Shoppe.
 19612 | Orc:1    | Entered Level 1 of the Orcish Mines
 19685 | Orc:1    | You fall into a shaft and drop 1 floor!
 19685 | Orc:2    | Entered Level 2 of the Orcish Mines
 19871 | Orc:1    | Received a gift from Trog
 19895 | Orc:1    | Found a runed translucent gate.
 19899 | Orc:1    | Found a runed translucent gate.
 19899 | Orc:1    | Found a runed translucent gate.
 19935 | Orc:1    | Found an iron altar of Okawaru.
 19935 | Orc:1    | Noticed Brarox's ghost (journeyman DECj)
 20225 | Orc:1    | Noticed Sonja
 20229 | Orc:1    | Killed Sonja
 20356 | Orc:1    | Killed Brarox's ghost
 20361 | Orc:1    | Reached skill level 17 in Dodging
 20422 | Orc:1    | Noticed an orc warlord
 20430 | Orc:1    | Killed an orc warlord
 20671 | Orc:2    | Noticed Urug
 20682 | Orc:2    | Killed Urug
 20738 | Orc:2    | Found a staircase to the Elven Halls.
 20772 | Orc:2    | Received a gift from Trog
 20872 | Orc:2    | Reached XP level 15. HP: 131/145 MP: 14/14
 21109 | Orc:2    | Found a runed translucent door.
 21770 | Orc:2    | Found Vah Isio's Distillery.
 21773 | Orc:2    | Found Ryre's Book Shoppe.
 21774 | Orc:2    | Found Simizoem's Antique Weapon Shoppe.
 21775 | Orc:2    | Found Ciuraeti's Weapon Emporium.
 21932 | D:13     | Found a frozen archway.
 21944 | IceCv    | Entered an ice cave
 21973 | IceCv    | Found a transporter.
 21985 | IceCv    | Found a transporter.
 22257 | IceCv    | Reached XP level 16. HP: 155/155 MP: 15/15
 23422 | Orc:2    | Bought the +4 war axe of Peril {heavy, rC- Dex+6} for 622
                  | gold pieces
 23581 | D:14     | Reached skill level 18 in Dodging
 24054 | D:14     | Reached skill level 1 in Shields
 24082 | D:14     | Identified the ring of Ahirair {Ice Dex+2}
 24201 | D:14     | Identified the ring "Plog" {Fly rC+}
 24207 | D:14     | Paralysed by an ogre mage for 5 turns
 24537 | D:14     | Found a gate to the Vaults.
 24703 | D:14     | Found a sacrificial altar of Ru.
 24805 | D:15     | Entered Level 15 of the Dungeon
 25558 | D:15     | Reached XP level 17. HP: 124/163 MP: 11/16
 25642 | D:15     | Found a staircase to the Depths.
 25978 | Swamp:1  | Entered Level 1 of the Swamp
 26212 | Swamp:1  | Received a gift from Trog
 26498 | Swamp:1  | You are sucked into a shaft and drop 1 floor!
 26589 | Swamp:2  | Reached skill level 5 in Shields
 27087 | Swamp:2  | Noticed Kirke
 27097 | Swamp:2  | Killed Kirke
 27678 | Swamp:3  | Noticed Roxanne
 27690 | Swamp:3  | Killed Roxanne
 28326 | Swamp:4  | Entered Level 4 of the Swamp
 28344 | Swamp:4  | Noticed Bai Suzhen
 28357 | Swamp:4  | Reached skill level 19 in Dodging
 28558 | Swamp:4  | Killed Bai Suzhen
 29232 | Swamp:4  | Reached ****** piety under Trog
 29291 | Swamp:4  | Received a gift from Trog
 29293 | Swamp:4  | Paralysed by a vampire knight for 3 turns
 30164 | Swamp:4  | Found a basalt altar of Yredelemnul.
 30179 | Swamp:4  | Got a decaying rune of Zot
 30208 | Swamp:4  | Found a blossoming altar of Fedhas.
 30218 | Swamp:4  | Constricted to death by a shambling mangrove

Illustrated notes

Levels and vault maps discovered:
D:1:      dpeg_arrival_erosion, layout_rooms, serial_forest,
          infiniplex_forest_3_way, infiniplex_forest_clump_tiny,
          infiniplex_forest_pool, infiniplex_forest_end_1,
          infiniplex_forest_clump_small, infiniplex_forest_end_double,
          infiniplex_forest_clump_small, infiniplex_forest_straight_1,
          infiniplex_forest_straight_2, serial_shops, shop, grunt_decor_clamped,
          grunt_decor_resistance
D:2:      layout_loops_ring, serial_forest, infiniplex_forest_clump_curved,
          infiniplex_forest_join, infiniplex_forest_clump_long,
          infiniplex_forest_straight_3, infiniplex_forest_split,
          infiniplex_forest_corner_1, basic_altar
D:3:      layout_loops_corners, minivault_25
D:4:      layout_loops_ring, mainiacjoe_overflow_chevrons,
          grunt_decor_one_mirror, chequers_serial_rivers_micro_b,
          kennysheep_opposing_triangles
D:5:      layout_basic
D:6:      layout_rooms, chequers_temple_overflow_minitemple,
          minmay_temple_entry_trees, nicolae_half_adder
D:7:      layout_rooms, ashenzari_altar_1, mainiacjoe_overflow_alcove_1,
          enter_ossuary_5
D:8:      layout_basic, grunt_temple_overflow_opulence, serial_shops,
          nicolae_shop_mannequins
D:9:      layout_irregular_city, fedhas_bush_and_centaur_altar,
          lair_entry_dummy, enter_bailey_2, minmay_misc_feat_encased,
          wad_dig_loot
D:10:     lemuel_ice_statue, layout_loops_ring, old_standard_altar,
          minmay_misc_feat_five, minmay_guarded_unrand_staff_of_olgreb
D:11:     layout_roguey, orc_david_3, uniq_erolcha, uniq_nergalle
D:12:     layout_roguey [special_room_orc], serial_shops, shop, uniq_nessos
D:13:     layout_basic, portal_ice_cave_rime, kennysheep_cluttered_room
D:14:     layout_cross, hangedman_vaults_entry_quadrant_bands,
          hangedman_ru_absence
D:15:     grunt_enter_depths_hoard, layout_basic, minivault_4,
          small_chamber_with_monster, ebering_dispersal_statue_hall
Lair:1:   layout_roguey, special_room [special_room_bee], grunt_megastairs_1,
          serial_bayou_shore_a, lemuel_fruit_tree
Lair:2:   layout_loops_ring, nicolae_spider_entry_lesser_pyramids,
          ebering_ghost_rock_garden, nicolae_lair_liquid_snakes
Lair:3:   layout_gridlike, minmay_swamp_entry_reptiles,
          maelrawn_ghost_gauntlet_escape, lemuel_fruit_fields
Lair:4:   beargit_carnivore_pack, layout_small_grid, enter_volcano_1
Lair:5:   minmay_lair_end_enchanted_forest, layout_regular_city, slime_entry_2,
          lemuel_oklob_altar
Swamp:1:  layout_basic_swamp, evilmike_swamp_ruin_rubble_1
Swamp:2:  layout_basic_swamp, evilmike_swamp_ruin_house_5, uniq_kirke
Swamp:3:  layout_basic_swamp, hangedman_swamp_ruin_wall, uniq_roxanne
Swamp:4:  byrel_swamp_growth_death_and_undeath, layout_basic_swamp,
          uniq_bai_suzhen
Orc:1:    lemuel_ogre_cave, layout_diamond_mine,
          gammafunk_ghost_fury_of_okawaru, nicolae_orc_flooded_monolith,
          uniq_sonja
Orc:2:    st_orc_pillars, layout_caves, special_room, lightli_church_of_beogh,
          uniq_urug

Skill      XL: |  1  2  3  4  5  6  7  8  9 10 11 12 13 14 15 16 17 |
---------------+----------------------------------------------------+-----
Fighting       | 4 5 6 7 9 10 12 13 15 16 17 18 | 18.8
Axes           | 4 5 6 7 9 10 12 13 15 16 17 18 | 18.9
Armour         | 3 4 5 6 7 9 10 12 13 14 16 17 18 | 18.7
Dodging        | 3 4 5 6 8 9 11 12 15 17 18 19 | 19.2
Shields        | 4 7 |  7.7

Action                     |  1- 3 |  4- 6 |  7- 9 | 10-12 | 13-15 | 16-18 || total
---------------------------+-------+-------+-------+-------+-------+-------++-------
  Melee: Hand axe          |    90 |   145 |   126 |       |       |       ||   361
         Headbutt          |    23 |    41 |    29 |    66 |   137 |   134 ||   430
         Punch             |     1 |     4 |     1 |       |       |       ||     6
         Battleaxe         |       |       |    90 |   317 |   631 |    31 ||  1069
         War axe           |       |       |       |       |       |   503 ||   503
  Throw: Throwing net      |       |       |       |       |     2 |       ||     2
 Invoke: Berserk           |     1 |     1 |     2 |     6 |    15 |     9 ||    34
         Brothers in Arms  |       |       |       |     2 |     6 |       ||     8
         Trog's Hand       |       |       |       |     1 |     8 |       ||     9
    Use: Scroll            |       |       |    10 |     2 |     4 |    16 ||    32
         Potion            |       |       |       |       |     1 |       ||     1
   Stab: Sleeping          |     1 |       |       |       |       |       ||     1
 Armour: Animal skin       |     9 |       |       |       |       |       ||     9
         Ring mail         |       |    21 |       |       |       |       ||    21
         Chain mail        |       |    18 |   180 |   227 |   337 |   348 ||  1110
  Dodge: Dodged            |    31 |    45 |   151 |   266 |   421 |   426 ||  1340
  Block: Tower shield      |       |       |       |       |       |   452 ||   452
